 Dungeon Crawl Stone Soup version 0.20.0-10-g0535bb4 (webtiles) character file.

5903 MTVSty1e the Cleaver (level 10, -3/56 HPs)
             Began as a Gargoyle Fighter on June 6, 2017.
             Was an Elder of Okawaru.
             Slain by a two-headed ogre
             ... wielding a +0 giant club
              (27 damage)
             ... on level 9 of the Dungeon.
             The game lasted 00:13:35 (7822 turns).

MTVSty1e the Cleaver (Gargoyle Fighter)             Turns: 7822, Time: 00:13:36

Health: -3/56      AC: 19    Str: 23    XL:     10   Next: 82%
Magic:  10/10      EV: 12    Int:  9    God:    Okawaru [****..]
Gold:   340        SH:  9    Dex:  9    Spells: 9/9 levels left

rFire    . . .     SeeInvis .   a - +0 war axe
rCold    . . .     Gourm    .   c - +0 shield
rNeg     + + .     Faith    .   b - +0 scale mail
rPois    ∞         Spirit   .   o - +0 helmet
rElec    +         Reflect  .   g - +0 cloak
rCorr    .         Harm     .   r - +2 pair of gloves
MR       .....                  (no boots)
Stlth    ..........             (no amulet)
Regen    0.2/turn               t - ring of positive energy
MPRegen  0.2/turn               u - +5 ring of evasion

@: no status effects
A: negative energy resistance 1, electricity resistance, unbreathing,
petrification resistance, rot immunity, AC +7
a: Heroism, Renounce Religion


You were on level 9 of the Dungeon.
You worshipped Okawaru.
Okawaru was greatly pleased with you.
You were not hungry.

You visited 1 branch of the dungeon, and saw 9 of its levels.

You collected 340 gold pieces.

Inventory:

Hand Weapons
 a - a +0 war axe (weapon)
 w - a cursed +4 hand axe
Armour
 b - a +0 scale mail (worn)
 c - a +0 shield (worn)
 g - a +0 cloak (worn)
 o - a +0 helmet (worn)
 r - a +2 pair of gloves (worn)
Jewellery
 t - a ring of positive energy (left hand)
 u - a +5 ring of evasion (right hand)
 v - an uncursed ring of resist corrosion
Wands
 m - a wand of lightning (2/15)
 s - a wand of polymorph (0/24)
Scrolls
 e - 2 scrolls of random uselessness
 h - 3 scrolls of teleportation
 p - 3 scrolls of blinking
Potions
 d - a potion of might
 i - 2 potions of lignification
 j - a potion of magic
 k - a potion of agility {unknown}
 l - a potion of invisibility
 n - 2 potions of flight {unknown}
 q - a potion of curing
 x - a potion of mutation {unknown}
Books
 y - a book of Geomancy

   Spells                             Type                      Level
   a - Sandblast                      Earth                        1
   b - Passwall                       Transmutation/Earth          2
   c - Stone Arrow                    Conjuration/Earth            3
   d - Petrify                        Transmutation/Earth          4
   e - Lee's Rapid Deconstruction     Earth                        5
Comestibles
 f - a bread ration
 z - 10 royal jellies
 A - a meat ration


   Skills:
 + Level 3.3 Fighting
 + Level 14.0 Axes
 + Level 3.2 Armour
 - Level 3.2 Shields
 + Level 0.0 Invocations


You had 9 spell levels left.
You didn't know any spells.

Dungeon Overview and Level Annotations

Branches:
Dungeon (9/15)             Temple (0/1) D:5
   Lair: D:8-11         Orc: D:9-12

Altars:
Ashenzari
Okawaru
Ru
Xom
Yredelemnul

Shops:
D:4 (   D:9 %


Innate Abilities, Weirdness & Mutations

You are resistant to torment.
Your stone body is resilient. (AC +7)
You are immune to poison.
You resist negative energy. (rN+)
You are resistant to electric shocks. (rElec)
You can survive without breathing.
You are immune to petrification.
You are immune to rotting.


Message History

You slash the two-headed ogre!
The two-headed ogre is heavily wounded.
You slash the two-headed ogre!
The two-headed ogre is heavily wounded.
You hit the crimson imp but do no damage.
The two-headed ogre hits you with a giant club!
The two-headed ogre hits you with a giant spiked club!
The crimson imp hits you but does no damage.
You are too injured to fight recklessly!
You are too injured to fight recklessly!
You are too injured to fight recklessly!
You hit the two-headed ogre but do no damage.
The two-headed ogre is heavily wounded.
The two-headed ogre hits you but does no damage. x2
You barely miss the two-headed ogre.
The two-headed ogre is heavily wounded.
You hit the two-headed ogre.
The two-headed ogre is severely wounded.
The two-headed ogre hits you with a giant club!!
You die...

.# #........#
.#####........#
.....'..).....+
######........#
###'###### #.# #######
#.## .......
########..########.......
........<>......@O5......
#########.########.......
#.# ....... #.# ..$....
#.# ....... #.# ####+##
#.# #.# #.#


You could see a two-headed ogre and a crimson imp.

Vanquished Creatures
  2 two-headed ogres
  Pikel (D:5)
  Psyche (D:8)
  A raiju (D:8)
  2 hippogriffs
  2 water moccasins (D:7)
  2 ice beasts
  2 slaves (D:5)
  A sky beast (D:7)
  2 necrophages
  A phantom (D:7)
  4 ogres
  A centaur (D:8)
  4 bullfrogs
  2 scorpions
  A water moccasin skeleton (D:4)
  3 wights (D:8)
  2 howler monkeys
  3 crimson imps
  6 hounds
  3 jellies (D:8)
  10 orc wizards
  2 bullfrog zombies
  A centaur skeleton (D:9)
  A centaur zombie (D:8)
  An orc priest (D:7)
  Crazy Yiuf (D:6)
  Ijyb (D:5)
  4 iguanas
  6 worker ants
  A hound skeleton (D:8)
  Robin (D:2)
  17 adders
  18 gnolls
  A shadow imp (D:5)
  6 oozes
  An adder skeleton (D:5)
  2 worms
  7 leopard geckos
  22 orcs
  11 giant cockroaches
  13 goblins
  11 hobgoblins
  9 jackals
  6 kobolds
  4 ball pythons
  5 bats
  6 frilled lizards
  A jackal skeleton (D:6)
  A jackal zombie (D:5)
  2 leopard gecko skeletons
  9 rats
  A bush (D:6)
  3 fungi (D:6)
231 creatures vanquished.

Notes
Turn   | Place    | Note
-------+----------+-------------------------------------------
     0 | D:1      | MTVSty1e the Gargoyle Fighter began the quest for the Orb.
     0 | D:1      | Reached XP level 1. HP: 14/14 MP: 1/1
    21 | D:1      | Reached skill level 2 in Axes
   360 | D:1      | Reached XP level 2. HP: 19/19 MP: 2/2
   794 | D:1      | Found a shimmering altar of Xom.
   825 | D:1      | Reached skill level 3 in Axes
  1042 | D:2      | Reached XP level 3. HP: 12/23 MP: 3/3
  1280 | D:2      | Noticed Robin
  1293 | D:2      | Killed Robin
  1293 | D:2      | Reached XP level 4. HP: 23/28 MP: 4/4
  1372 | D:2      | Reached skill level 4 in Axes
  1788 | D:3      | Reached XP level 5. HP: 18/32 MP: 5/5
  2118 | D:3      | Reached skill level 5 in Axes
  2343 | D:3      | Reached XP level 6. HP: 22/37 MP: 6/6
  2644 | D:3      | Found an iron altar of Okawaru.
  2644 | D:3      | Found a basalt altar of Yredelemnul.
  2671 | D:3      | Became a worshipper of Warmaster Okawaru
  2847 | D:4      | Reached skill level 6 in Axes
  2950 | D:4      | Found Qegrad's Weapon Shop.
  3002 | D:4      | Found a sacrificial altar of Ru.
  3042 | D:4      | Reached XP level 7. HP: 37/41 MP: 7/7
  3562 | D:5      | Entered Level 5 of the Dungeon
  3566 | D:5      | Noticed Ijyb
  3571 | D:5      | Reached skill level 7 in Axes
  3582 | D:5      | Killed Ijyb
  3774 | D:5      | Noticed Pikel
  3800 | D:5      | Killed Pikel
  3800 | D:5      | Reached * piety under Okawaru
  3800 | D:5      | Reached ** piety under Okawaru
  3800 | D:5      | Reached skill level 8 in Axes
  3800 | D:5      | Reached XP level 8. HP: 46/46 MP: 8/8
  4000 | D:5      | Found a staircase to the Ecumenical Temple.
  4029 | D:5      | Reached skill level 9 in Axes
  4679 | D:6      | Reached skill level 10 in Axes
  4873 | D:6      | Reached *** piety under Okawaru
  4873 | D:6      | Reached XP level 9. HP: 51/51 MP: 9/9
  5284 | D:6      | Found a runed door.
  5288 | D:6      | Noticed Crazy Yiuf
  5290 | D:6      | Paralysed by Crazy Yiuf for 3 turns
  5360 | D:6      | Killed Crazy Yiuf
  5696 | D:7      | Reached skill level 11 in Axes
  6134 | D:7      | Reached **** piety under Okawaru
  6465 | D:8      | Reached skill level 12 in Axes
  6468 | D:8      | Noticed Maurice
  6541 | D:8      | Noticed Maurice
  6558 | D:8      | Reached XP level 10. HP: 35/56 MP: 10/10
  6571 | D:8      | Killed Maurice the raiju
  7224 | D:8      | Noticed Psyche
  7233 | D:8      | Reached skill level 13 in Axes
  7244 | D:8      | Killed Psyche
  7450 | D:8      | Noticed a two-headed ogre
  7459 | D:8      | Killed a two-headed ogre
  7659 | D:8      | Found a shattered altar of Ashenzari.
  7715 | D:9      | Noticed a two-headed ogre
  7722 | D:9      | Killed a two-headed ogre
  7722 | D:9      | Reached skill level 14 in Axes
  7762 | D:9      | Found Ulialuvi's Food Shop.
  7812 | D:9      | Noticed a two-headed ogre
  7822 | D:9      | Slain by a two-headed ogre

Skill      XL: |  1  2  3  4  5  6  7  8  9 10 |
---------------+-------------------------------+-----
Axes           | 2 3 4 5 6 8 10 12 14 | 14.0
Fighting       | |  3.3
Armour         | |  3.2
Shields        | |  3.2

Action                   |  1- 3 |  4- 6 |  7- 9 | 10-12 || total
-------------------------+-------+-------+-------+-------++-------
Melee: War axe           |   117 |   272 |   572 |   165 ||  1126
Evoke: Wand              |       |       |     4 |       ||     4
  Use: Scroll            |       |    10 |     7 |       ||    17
       Potion            |       |       |     2 |     3 ||     5
  Eat: Chunk             |     1 |     3 |       |       ||     4
       Fruit             |       |     1 |       |       ||     1
       Bread ration      |       |     1 |     2 |     1 ||     4
       Royal jelly       |       |       |     1 |     1 ||     2
Armor: Scale mail        |    58 |   162 |   276 |    80 ||   576
Dodge: Dodged            |    43 |    92 |   204 |    66 ||   405
Block: Shield            |    65 |   165 |   251 |    80 ||   561
